 Dungeon Crawl Stone Soup version 0.27.1-34-g3ba077fa99 (webtiles) character file.

Game seed: 4023387065410564031

118 Hortimo the Conjurer (level 4, 0/24 HPs)
             Began as a Deep Elf Conjurer on Jan 2, 2022.
             Was an Initiate of Kikubaaqudgha.
             Slain by a gnoll shaman (8 damage)
             ... on level 5 of the Dungeon.
             The game lasted 00:08:38 (3855 turns).

Hortimo the Conjurer (Deep Elf Conjurer)            Turns: 3855, Time: 00:08:39

Health: 0/24       AC:  2    Str:  4    XL:     4   Next: 72%
Magic:  3/11       EV: 13    Int: 24    God:    Kikubaaqudgha [......]
Gold:   159        SH:  0    Dex: 13    Spells: 0/10 levels left

rFire    . . .     SeeInvis .   c - +0 whip
rCold    . . .     Faith    .   (no shield)
rNeg     . . .     Spirit   .   a - +0 robe
rPois    .         Reflect  .   (no helmet)
rElec    .         Harm     .   (no cloak)
rCorr    .         Rampage  .   (no gloves)
Will     .....                  (no boots)
Stlth    ++........             j - amulet of regeneration
HPRegen  1.08/turn              (no ring)
MPRegen  0.12/turn              (no ring)

@: no status effects
A: no striking features
a: Renounce Religion


You were on level 5 of the Dungeon.
You worshipped Kikubaaqudgha.
Kikubaaqudgha was noncommittal.
You visited 1 branch of the dungeon, and saw 5 of its levels.

You collected 159 gold pieces.

Inventory:

Hand Weapons
 c - a +0 whip (weapon)
 k - a +0 short sword
Missiles
 s - 4 curare-tipped darts
Armour
 a - a +0 robe (worn)
Jewellery
 d - an amulet of guardian spirit
 i - a ring of fire
 j - an amulet of regeneration (around neck)
Scrolls
 g - a scroll of magic mapping {unknown}
 l - 3 scrolls of identify {unknown}
 m - 5 scrolls of teleportation {unknown}
 o - a scroll of noise {unknown}
 p - 3 scrolls of enchant armour {unknown}
Potions
 b - 2 potions of attraction {unknown}
 e - 4 potions of curing {unknown}
 f - a potion of invisibility {unknown}
 h - a potion of heal wounds {unknown}
 n - 2 potions of haste {unknown}
 q - a potion of might {unknown}
 r - a potion of resistance {unknown}


   Skills:
 - Level 3.4 Dodging
 - Level 2.4 Stealth
 - Level 3.5 Spellcasting
 - Level 5.2 Conjurations
 + Level 3.4 Hexes


You couldn't memorise any spells.
You knew the following spells:

 Your Spells              Type           Power      Damage    Failure   Level
a - Magic Dart            Conj           100%       1d8       1%          1
b - Searing Ray           Conj           58%        3d5       1%          2
c - Dazzling Flash        Conj/Hex       50%        N/A       4%          3
d - Fulminant Prism       Conj/Hex       12%        3d9       17%         4

Your spell library contained the following spells:

 Spells                   Type           Power      Damage    Failure   Level
 Sting                    Tmut/Pois      16%        1d3       11%         1
 Poisonous Vapours        Pois/Air       8%         N/A       16%         2
 Iskenderun's Mystic Bla  Conj/Tloc      16%        2d5       34%         4
 Olgreb's Toxic Radiance  Pois           4%         N/A       71%         4


Dungeon Overview and Level Annotations

Branches:
Dungeon (5/15)
 Temple: D:4-7

Altars:
Fedhas
Kikubaaqudgha
Sif Muna
Wu Jian
Xom


Message History

Casting: Magic Dart (safe; 1% risk of failure)
Confirm with . or Enter, or press ? or * to list all spells.
Aiming: Magic Dart (safe; 1% risk of failure)
Press: ? - help, Shift-Dir - straight line, f/p - gnoll
Aim: a gnoll, wielding a +0 flail (almost dead, 100% to hit)
The magic dart hits the gnoll.
You kill the gnoll!
Kikubaaqudgha accepts your kill.
Casting: Magic Dart (safe; 1% risk of failure)
Confirm with . or Enter, or press ? or * to list all spells.
You can't see any susceptible monsters within range! (Use Z to cast anyway.)
Casting: Magic Dart (safe; 1% risk of failure)
Confirm with . or Enter, or press ? or * to list all spells.
Aiming: Magic Dart (safe; 1% risk of failure)
Press: ? - help, Shift-Dir - straight line, f - gnoll shaman
Aim: a gnoll shaman, wielding a +0 whip and wearing a +0 robe (100% to hit)
The magic dart hits the gnoll shaman but does no damage.
A gnoll comes into view. It is wielding a +0 spear.
The gnoll shouts!
Casting: Magic Dart (safe; 1% risk of failure)
Confirm with . or Enter, or press ? or * to list all spells.
Aiming: Searing Ray (safe; 1% risk of failure)
Press: ? - help, Shift-Dir - straight line, f/p - gnoll shaman
Aim: a gnoll shaman, wielding a +0 whip and wearing a +0 robe (82% to hit)
The searing ray hits the gnoll shaman.
The gnoll shaman is lightly wounded. (Press . to maintain the ray.)
A gnoll comes into view. It is wielding a +0 whip.
The searing ray hits the gnoll shaman!
The gnoll shaman is severely wounded.
The gnoll shaman hits you with a +0 whip!
Ouch! That really hurt!
The searing ray misses the gnoll shaman.
The gnoll shaman hits you with a +0 whip.
* * * LOW HITPOINT WARNING * * *
The searing ray misses the gnoll shaman.
You finish channeling your searing ray.
The gnoll misses you.
The gnoll shaman hits you with a +0 whip!
You die...
Kikubaaqudgha rasps: "You have failed me!
Welcome... death!"

#
###.######
.........##
.....gg...#
#@# #<# #.#
#.# #.# ..#
#.# ... ###


You could see a gnoll shaman and a gnoll.

Vanquished Creatures
  Jessica (D:2)
  A gnoll (D:5)
  3 adders
  4 dart slugs
  2 orcs (D:3)
  4 ball pythons
  3 bats
  3 endoplasms
  2 giant cockroaches
  6 goblins
  2 hobgoblins (D:1)
  3 jackals (D:1)
  3 quokkas
  2 frilled lizards (D:1)
  A jackal skeleton (D:4)
  2 kobolds
  2 rats (D:1)
44 creatures vanquished.

Vanquished Creatures (others)
  3 fungi (D:3)
  3 plants (D:3)
6 creatures vanquished.

Grand Total: 50 creatures vanquished

Notes
Turn   | Place    | Note
-------+----------+-------------------------------------------
     0 | D:1      | Hortimo the Deep Elf Conjurer began the quest for the Orb.
     0 | D:1      | Reached XP level 1. HP: 10/10 MP: 6/6
   135 | D:1      | Reached XP level 2. HP: 12/15 MP: 0/8
   138 | D:1      | Learned a level 2 spell: Searing Ray
   870 | D:2      | Reached skill level 5 in Conjurations
   906 | D:2      | Reached XP level 3. HP: 19/19 MP: 3/9
  1236 | D:2      | Noticed Jessica
  1240 | D:2      | Killed Jessica
  1241 | D:2      | Reached skill level 1 in Hexes
  1241 | D:2      | Reached XP level 4. HP: 20/24 MP: 6/11
  1246 | D:2      | Learned a level 3 spell: Dazzling Flash
  1251 | D:2      | Learned a level 4 spell: Fulminant Prism
  1853 | D:3      | Found a blossoming altar of Fedhas.
  2481 | D:3      | Found a faded altar of an unknown god.
  3103 | D:4      | Found a shimmering altar of Xom.
  3258 | D:4      | Found an ornate altar of the Wu Jian Council.
  3713 | D:4      | Found a shimmering blue altar of Sif Muna.
  3726 | D:4      | Found an ancient bone altar of Kikubaaqudgha.
  3729 | D:4      | Became a worshipper of Kikubaaqudgha
  3818 | D:4      | Noticed a spectral centipede
  3818 | D:4      | Noticed a spectral black mamba
  3818 | D:4      | Noticed a spectral cane toad
  3844 | D:5      | Entered Level 5 of the Dungeon
  3855 | D:5      | Slain by a gnoll shaman

Illustrated notes

Levels and vault maps discovered:
D:1:      dpeg_arrival_windows_large_door, layout_rooms
D:2:      layout_basic, serial_bayou_lake_a, uniq_jessica
D:3:      layout_basic, fedhas_altar_3, shapermc_ecumenical_altar_totnotflames
D:4:      layout_layer_cave, pdpol_wu_jian_five_deadly_venoms,
          lemuel_coloured_pillars_altar, mainiacjoe_overflow_swirl, minivault_24
D:5:      layout_basic, hangedman_decor_riveting, uniq_edmund, uniq_menkaure

Skill      XL: |  1  2  3  4 |
---------------+-------------+-----
Dodging        | 3 |  3.4
Conjurations   | 5 |  5.2
Hexes          | 1 3 |  3.4
Stealth        | |  2.4
Spellcasting   | |  3.5

Action                   |  1- 3 |  4- 6 || total
-------------------------+-------+-------++-------
 Cast: Magic Dart        |    42 |    24 ||    66
       Searing Ray       |     8 |     6 ||    14
Armor: Robe              |     2 |       ||     2
Dodge: Dodged            |     8 |     1 ||     9
